Map: Canyon of Tribulation

Players

BoumBoumBiak

  • Race: Terran Terran
  • Spawn Location: 12:00

Tommy

  • Race: Protoss Protoss
  • Spawn Location: 3:00

edmundxXx

  • Race: Terran Terran
  • Spawn Location: 12:00

Alebay - Winner!

  • Race: Protoss Protoss
  • Spawn Location: 6:00

MattBarry - Winner!

  • Race: Zerg Zerg
  • League: Gold
  • Spawn Location: 6:00

PiPuxD - Winner!

  • Race: Terran Terran
  • League: Gold
  • Spawn Location: 7:00

VOD

Have the link to the VOD?

Description

Time

  • Played on: Feb. 16, 2023, 2:34 a.m.
  • Length: 13:50
Show
View Real Time Build Order
Export as new Build Order

BoumBoumBiak Terran 

Build Orders:  

Get SALT Encoding   

  13  0:10  Supply Depot  
  12  0:15  SCV  
  13  0:27  SCV  
  14  0:41  Barracks  
  14  0:43  SCV  
  15  1:11  SCV  
  16  1:23  SCV  
  16  1:25  Barracks  
  17  1:33  Refinery  
  17  1:35  SCV  
  18  1:47  SCV  
  19  1:59  SCV  
  20  2:11  SCV  
  21  2:22  Refinery  
  21  2:23  SCV  
  22  2:30  Command Center  
  22  2:36  SCV  
  23  2:39  Command Center  
  23  2:41  Supply Depot  
  23  2:53  Supply Depot  
  23  2:56  Orbital Command  
  23  3:08  Factory  
  23  3:22  Supply Depot  
  23  3:25  SCV  
  24  3:37  SCV  
  25  3:50  SCV  
  26  3:57  SCV  
  26  3:58  Refinery  
  26  3:59  SCV  
  26  4:02  SCV  
  29  4:09  SCV  
  30  4:11  SCV  
  30  4:12  Starport  
  30  4:14  SCV  
  32  4:21  SCV  
  32  4:23  SCV  
  34  4:26  SCV  
  35  4:39  SCV  
  35  4:40  SCV  
  35  4:41  SCV  
  38  4:49  Viking  
  38  4:52  Starport  
  40  5:15  Widow Mine  
  42  5:25  SCV x2  
  42  5:26  SCV  
  45  5:31  Starport  
  45  5:35  Fusion Core  
  45  5:36  Widow Mine  
  45  5:37  SCV  
  45  5:38  SCV x2  
  50  5:44  Refinery  
  50  5:47  Refinery  
  50  5:49  SCV  
  51  5:50  SCV  
  51  5:51  Refinery  
  52  5:58  Starport Tech Lab x2  
  52  6:10  Starport  
  52  6:15  Starport Tech Lab  
  52  6:27  Supply Depot  
  52  6:33  SCV  
  53  6:43  SCV  
  53  6:45  SCV  
  55  6:50  Supply Depot  
  55  6:54  Armory  
  55  6:55  SCV  
  55  6:57  SCV  
  57  7:03  Starport Tech Lab  
  57  7:04  Battlecruiser x3  
  57  7:07  SCV  
  76  7:09  SCV  
  76  7:14  Supply Depot  
  77  7:21  SCV  
  70  7:33  SCV  
  69  7:37  Supply Depot  
  62  8:02  Battlecruiser  
  41  8:39  SCV  
  40  8:50  Battlecruiser x2  
  40  8:51  SCV  
  53  9:03  SCV  
  54  9:15  SCV  
  55  9:24  Terran Ship Weapons Level 1  
  55  9:27  SCV  
  56  9:50  Weapon Refit  
  56  10:15  SCV  
  56  10:16  SCV  
  58  10:27  SCV  
  59  10:29  SCV  
  60  10:39  SCV x2  
  60  10:41  SCV  
  61  10:51  SCV x2  
  61  10:53  SCV  
  64  11:03  SCV  
  64  11:04  SCV  
  66  11:05  SCV  
  67  11:15  SCV  
  67  11:17  SCV x2  
  70  11:27  SCV  
  70  11:28  Battlecruiser  
  70  11:29  SCV x2  
  79  11:39  SCV  
  80  11:41  SCV x2  
  82  11:51  SCV  
  82  11:53  SCV x2  
  85  12:04  SCV  
  86  12:23  Orbital Command x2  
  86  12:26  Battlecruiser x2  
Show
View Real Time Build Order
Export as new Build Order

Tommy Protoss 

Build Orders: Cannon Rush 

Get SALT Encoding   

  12  0:00  Probe  
  13  0:12  Probe  
  14  0:20  Pylon  
  14  0:26  Probe  
  15  0:42  Forge  
  15  1:07  Pylon  
  15  1:10  Pylon  
  15  1:13  Pylon  
  15  1:29  Photon Cannon  
  15  1:32  Photon Cannon  
  15  1:37  Photon Cannon  
  15  1:50  Photon Cannon  
  14  2:03  Probe  
  15  2:10  Pylon  
  16  2:15  Probe  
  16  2:27  Probe  
  17  2:39  Probe  
  17  2:42  Gateway  
  18  2:46  Pylon  
  18  2:52  Probe  
  18  2:57  Pylon  
  19  3:07  Pylon  
  19  3:13  Photon Cannon  
  19  3:18  Photon Cannon  
  18  3:35  Cybernetics Core  
  18  3:36  Probe  
  19  3:48  Assimilator, Probe  
  20  3:57  Assimilator  
  20  4:00  Probe  
  21  4:12  Probe  
  21  4:14  Nexus  
  22  4:24  Probe  
  23  4:45  Pylon  
  23  5:01  Stalker  
  25  5:12  Pylon  
  25  5:16  Photon Cannon  
  25  5:17  Photon Cannon  
  25  5:22  Photon Cannon  
  25  5:31  Stalker  
  27  5:37  Stargate  
  27  5:39  Probe  
  28  5:51  Probe  
  29  5:59  Pylon  
  29  6:03  Probe  
  30  6:04  Pylon  
  30  6:15  Probe  
  30  6:18  Pylon  
  31  6:22  Pylon  
  31  6:32  Pylon  
  31  6:33  Probe  
  31  6:37  Probe  
  33  6:46  Probe  
  34  6:50  Probe  
  34  6:53  Photon Cannon  
  35  6:58  Photon Cannon, Probe  
  36  7:02  Probe  
  36  7:07  Photon Cannon  
  37  7:10  Probe  
  37  7:14  Probe  
  39  7:22  Probe  
  40  7:26  Probe  
  41  7:30  Shield Battery  
  41  7:42  Pylon  
  41  7:55  Pylon  
  41  8:01  Photon Cannon  
  41  8:05  Photon Cannon  
  41  8:07  Photon Cannon  
  41  8:09  Photon Cannon  
  41  8:12  Photon Cannon  
  41  8:16  Photon Cannon  
  41  8:17  Photon Cannon  
  41  8:20  Photon Cannon  
  41  8:22  Photon Cannon  
  41  8:24  Photon Cannon  
  41  8:25  Pylon  
  41  8:28  Photon Cannon  
  41  8:32  Pylon  
  41  8:40  Pylon  
  20  8:50  Photon Cannon  
  21  8:55  Probe  
  11  9:07  Probe  
  12  9:19  Probe  
  13  9:32  Probe  
  14  9:38  Probe  
  15  10:45  Phoenix  
  17  10:50  Probe  
  18  11:03  Probe  
  19  11:15  Probe  
  19  11:18  Probe  
  21  11:30  Probe  
  22  11:42  Probe  
  23  11:54  Probe x2  
  25  12:06  Pylon, Probe x2  
  27  12:15  Pylon  
  27  12:18  Probe x2  
  29  12:30  Probe  
  30  12:42  Probe  
  30  12:43  Assimilator  
  31  12:55  Probe  
  32  12:58  Nexus  
  32  13:07  Probe  
Show
View Real Time Build Order
Export as new Build Order

edmundxXx Terran 

Build Orders:  

Get SALT Encoding   

  12  0:19  SCV  
  13  0:24  Supply Depot  
  13  0:31  SCV  
  14  0:43  SCV  
  14  0:47  Supply Depot  
  15  0:56  SCV  
  16  1:08  SCV  
  17  1:11  Barracks  
  17  1:20  SCV  
  18  1:29  Engineering Bay  
  18  1:59  Barracks  
  18  2:01  Refinery  
  18  2:11  Command Center  
  18  2:16  Marine  
  19  2:34  Missile Turret, Marine  
  20  2:46  Supply Depot  
  20  2:51  Marine  
  20  2:54  Supply Depot  
  21  3:01  Marine  
  22  3:09  Marine  
  23  3:15  SCV  
  23  3:19  Marine  
  26  3:27  Supply Depot, SCV  
  26  3:39  SCV  
  27  3:45  Factory  
  27  3:51  Supply Depot  
  27  4:09  Orbital Command  
  27  4:12  Hi-Sec Auto Tracking  
  27  4:24  Missile Turret  
  27  4:36  Marine x2  
  29  4:40  Factory Tech Lab  
  29  4:48  SCV  
  30  4:54  Marine x2  
  32  5:01  SCV  
  33  5:13  SCV  
  34  5:18  Marine x2  
  36  5:21  Siege Tank  
  36  5:25  SCV  
  40  5:35  SCV  
  41  5:36  Marine  
  41  5:37  SCV  
  41  5:39  Refinery  
  43  5:42  Refinery  
  43  5:47  SCV  
  44  5:54  Siege Tank  
  47  5:59  SCV  
  48  6:09  SCV  
  48  6:11  SCV  
  50  6:21  SCV  
  50  6:23  SCV  
  52  6:26  Siege Tank  
  55  6:33  SCV  
  55  6:35  SCV  
  57  6:42  Factory  
  57  6:45  SCV  
  58  6:47  SCV  
  59  6:57  SCV  
  59  6:59  SCV  
  61  7:07  Siege Tank  
  38  7:29  Planetary Fortress  
  37  7:33  Command Center  
  37  7:38  Factory Tech Lab  
  37  7:40  Hellion  
  38  8:02  Hellion  
  29  8:23  Hellion  
  29  8:26  Siege Tank  
  34  8:41  SCV  
  34  8:42  SCV  
  34  8:45  Hellion  
  38  8:53  SCV  
  38  8:54  SCV  
  39  8:58  Hellion  
  41  9:03  Missile Turret  
  41  9:05  SCV  
  41  9:06  SCV, Hellion  
  45  9:18  Missile Turret, SCV x2  
  45  9:20  Widow Mine  
  49  9:30  SCV x2  
  48  9:39  Missile Turret  
  48  9:42  SCV  
  49  9:54  SCV  
  50  10:20  Orbital Command  
  50  10:26  SCV  
  50  10:28  Missile Turret  
  51  10:31  SCV  
  52  10:38  SCV  
  53  10:43  SCV  
  53  10:45  SCV  
  55  10:50  Missile Turret, SCV  
  55  10:55  SCV  
  57  10:57  SCV  
  57  11:03  SCV  
  59  11:08  SCV  
  59  11:09  Missile Turret, SCV  
  59  11:10  Neosteel Armor  
  61  11:16  Missile Turret  
  61  11:29  Missile Turret  
  61  11:36  Missile Turret x2  
  61  11:57  Missile Turret  
  61  12:08  Supply Depot  
  61  12:17  Missile Turret  
  61  12:21  Missile Turret  
  61  12:29  SCV x2, Siege Tank  
  66  12:30  Supply Depot  
  66  12:31  SCV  
  66  12:36  Missile Turret  
  67  12:38  Armory  
  67  12:41  Missile Turret  
  67  12:42  SCV  
  68  12:52  Supply Depot  
  68  13:02  Missile Turret  
  54  13:16  Missile Turret  
Show
View Real Time Build Order
Export as new Build Order

Alebay Protoss - Winner!

Build Orders:  

Get SALT Encoding   

  12  0:00  Probe  
  13  0:12  Probe  
  14  0:19  Pylon  
  14  0:24  Probe  
  15  0:37  Probe  
  15  0:39  Gateway  
  16  0:48  Assimilator  
  16  0:49  Probe  
  17  1:01  Probe  
  18  1:13  Probe  
  19  1:25  Probe  
  19  1:32  Forge  
  20  1:37  Cybernetics Core, Probe  
  21  1:50  Probe  
  22  2:05  Pylon  
  22  2:08  Warp Gate (Chrono Boost)  
  22  2:11  Probe  
  23  2:15  Nexus  
  23  2:23  Adept  
  23  2:25  Assimilator  
  23  2:29  Gateway, Probe  
  26  2:41  Probe  
  27  2:59  Pylon  
  27  3:00  Probe  
  27  3:02  Stalker  
  30  3:14  Probe  
  30  3:15  Pylon  
  31  3:29  Probe x2 (Chrono Boost)  
  33  3:39  Probe x2 (Chrono Boost)  
  35  3:43  Stalker  
  35  3:44  Nexus  
  37  3:52  Photon Cannon  
  37  3:53  Probe  
  39  3:55  Probe  
  39  4:05  Probe  
  39  4:06  Stalker  
  39  4:07  Probe  
  43  4:11  Stalker  
  45  4:18  Probe  
  45  4:19  Probe  
  47  4:25  Pylon  
  47  4:28  Shield Battery  
  47  4:33  Pylon  
  47  4:35  Stalker  
  47  4:37  Probe x2  
  51  4:42  Assimilator  
  51  4:45  Stalker  
  53  4:50  Probe x2  
  55  4:58  Gateway, Probe  
  56  5:02  Probe  
  57  5:09  Probe  
  57  5:10  Probe  
  57  5:11  Stalker  
  57  5:12  Stalker  
  63  5:14  Probe  
  64  5:22  Protoss Ground Weapons Level 1 (Chrono Boost)  
  64  5:23  Probe x2  
  64  5:25  Pylon  
  64  5:26  Probe  
  67  5:36  Assimilator  
  67  5:37  Probe x2  
  67  5:38  Probe  
  67  5:39  Stalker  
  67  5:40  Stalker  
  74  5:46  Gateway  
  74  5:50  Probe x3  
  74  5:55  Stalker  
  79  6:01  Twilight Council  
  79  6:03  Stalker  
  79  6:04  Stalker  
  83  6:06  Probe x3  
  86  6:15  Assimilator  
  87  6:18  Probe x3  
  87  6:24  Stalker  
  91  6:30  Probe x3  
  91  6:32  Assimilator  
  94  6:38  Pylon x2  
  94  6:40  Pylon  
  94  6:41  Stalker x3  
  100  6:54  Shield Battery  
  100  6:55  Blink (Chrono Boost)  
  100  6:56  Photon Cannon  
  100  6:57  Protoss Ground Armor Level 1 (Chrono Boost)  
  100  6:59  Photon Cannon  
  100  7:00  Photon Cannon  
  100  7:02  Shield Battery, Probe x3  
  103  7:27  Stalker x4  
  111  7:34  Nexus  
  111  7:36  Pylon  
  111  7:38  Pylon, Probe x3  
  114  7:47  Photon Cannon  
  114  7:51  Photon Cannon  
  114  7:54  Photon Cannon  
  114  7:55  Photon Cannon  
  114  7:59  Photon Cannon, Shield Battery  
  114  8:01  Shield Battery  
  114  8:02  Stalker  
  116  8:10  Probe x3  
  119  8:32  Stalker x4  
  127  8:45  Protoss Ground Weapons Level 2 (Chrono Boost)  
  127  8:46  Shield Battery  
  127  8:47  Shield Battery  
  127  8:48  Probe x2  
  127  8:49  Photon Cannon, Probe x2  
  127  8:50  Protoss Air Weapons Level 1 (Chrono Boost)  
  127  8:51  Photon Cannon  
  127  8:53  Photon Cannon  
  131  8:58  Pylon  
  131  9:01  Pylon  
  131  9:07  Probe x4  
  135  9:12  Assimilator  
  135  9:15  Stalker x4, Assimilator  
  143  9:19  Probe x4  
  147  9:36  Stargate  
  147  9:38  Stargate  
  147  9:41  Stargate, Probe x3  
  147  9:42  Probe  
  151  9:55  Stalker x2  
  151  9:56  Stalker x2  
  159  10:03  Pylon  
  159  10:04  Gateway  
  159  10:06  Gateway x2  
  159  10:18  Cybernetics Core  
  159  10:21  Pylon  
  159  10:23  Pylon  
  159  10:25  Pylon, Fleet Beacon  
  159  10:27  Pylon  
  159  10:28  Pylon  
  159  10:30  Photon Cannon  
  159  10:32  Photon Cannon, Protoss Ground Armor Level 2 (Chrono Boost)  
  159  10:40  Protoss Air Armor Level 1 (Chrono Boost)  
  159  10:57  Charge (Chrono Boost)  
  159  11:14  Carrier  
  159  11:15  Carrier x2  
  177  11:23  Protoss Air Weapons Level 2 (Chrono Boost)  
  177  11:29  Forge  
  177  11:31  Photon Cannon  
  177  11:32  Photon Cannon  
  177  11:53  Stalker  
  177  11:54  Stalker x6  
  191  12:19  Carrier  
Show
View Real Time Build Order
Export as new Build Order

MattBarry Zerg - Winner!

Build Orders: Pool First 

Get SALT Encoding   

  12  0:00  Drone  
  13  0:12  Overlord  
  13  0:18  Drone  
  14  0:31  Drone x2  
  16  0:37  Drone  
  17  0:50  Drone  
  18  1:01  Spawning Pool  
  17  1:15  Drone  
  17  1:18  Drone, Extractor  
  18  1:19  Overlord  
  18  1:37  Hatchery, Drone  
  18  1:53  Zergling x4  
  20  1:54  Queen  
  22  2:30  Drone  
  22  2:31  Drone  
  24  2:42  Overlord  
  24  2:49  Drone x2  
  26  2:54  Queen  
  28  3:13  Extractor  
  27  3:20  Metabolic Boost, Drone  
  27  3:21  Drone x2  
  27  3:22  Drone x5  
  35  3:36  Drone  
  35  3:37  Overlord x2  
  36  3:55  Queen  
  38  3:59  Lair  
  38  4:00  Drone x5  
  43  4:10  Drone x3  
  43  4:13  Drone x2  
  48  4:29  Hatchery, Drone  
  48  4:30  Drone  
  49  4:34  Queen  
  51  4:50  Extractor  
  51  4:52  Roach Warren  
  49  4:54  Drone x3  
  49  4:55  Evolution Chamber, Baneling Nest  
  49  4:57  Evolution Chamber  
  49  4:58  Overlord  
  49  4:59  Drone x3  
  52  5:24  Extractor  
  51  5:35  Overlord x2  
  51  5:40  Pneumatized Carapace  
  51  5:45  Spire, Drone x6  
  51  5:46  Drone  
  57  5:53  Queen  
  57  5:54  Queen  
  61  5:58  Drone  
  61  5:59  Drone  
  63  6:22  Extractor  
  63  6:25  Extractor  
  61  6:57  Mutalisk x6  
  61  6:59  Overlord x3  
  73  7:11  Drone  
  74  7:27  Mutalisk x3, Roach  
  74  7:28  Mutalisk x4  
  90  7:48  Mutalisk x2  
  90  7:49  Mutalisk  
  96  8:05  Mutalisk  
  96  8:07  Overlord x3  
  97  8:19  Zerg Flyer Armor Level 1  
  97  8:22  Spire  
  97  8:25  Drone, Overlord x3  
  96  8:48  Drone x7  
  100  8:49  Drone x4  
  100  8:50  Drone, Overlord x3  
  104  9:15  Drone x5  
  104  9:16  Infestation Pit, Drone x2  
  110  9:27  Drone x2  
  110  9:28  Drone x7  
  110  9:29  Overlord x2  
  110  9:30  Hatchery  
  118  9:56  Corruptor  
  118  9:57  Corruptor x6  
  118  9:58  Corruptor x4  
  140  10:00  Overlord  
  140  10:09  Zerg Flyer Weapons Level 1  
  136  10:27  Corruptor x6  
  136  10:28  Corruptor  
  150  10:42  Hive  
  150  10:51  Queen  
  152  10:59  Extractor  
  152  11:01  Corruptor, Extractor  
  152  11:02  Corruptor x3  
  158  11:18  Corruptor x3  
  164  11:27  Queen, Drone x3  
  169  11:35  Corruptor  
  169  11:36  Corruptor x2  
  175  12:16  Corruptor  
  175  12:17  Corruptor  
  179  12:54  Corruptor x4  
Show
View Real Time Build Order
Export as new Build Order

PiPuxD Terran - Winner!

Build Orders:  

Get SALT Encoding   

  12  0:00  SCV  
  13  0:12  SCV  
  14  0:18  Supply Depot  
  14  0:24  SCV  
  15  0:39  SCV  
  15  0:41  Barracks  
  16  0:51  SCV  
  17  1:04  SCV  
  18  1:05  Refinery  
  19  1:18  SCV  
  19  1:33  Marine  
  20  1:55  Orbital Command  
  20  2:07  Command Center  
  20  2:15  Marine  
  21  2:23  SCV  
  22  2:34  Marine  
  23  2:42  Supply Depot  
  23  3:03  SCV  
  24  3:06  Marine  
  25  3:18  Barracks x2  
  25  3:26  SCV  
  26  3:33  Refinery  
  26  3:34  Barracks Tech Lab  
  26  3:36  Orbital Command  
  26  3:38  SCV  
  27  3:51  SCV  
  27  3:52  Factory  
  27  3:54  Marine, Stimpack  
  29  4:04  SCV x2  
  29  4:07  Marine x2  
  33  4:15  Engineering Bay x2  
  33  4:18  SCV x2  
  33  4:22  Marine  
  36  4:24  Marine  
  36  4:25  Marine  
  38  4:37  Factory Reactor  
  38  4:39  SCV  
  38  4:40  Starport, SCV  
  38  4:42  Terran Infantry Weapons Level 1  
  40  4:46  Refinery  
  40  4:49  Marine x3  
  40  4:52  SCV x2  
  45  4:54  Supply Depot  
  45  4:55  Supply Depot  
  45  5:17  SCV x2  
  45  5:20  Supply Depot, Terran Infantry Armor Level 1  
  47  5:23  Barracks Reactor x2  
  47  5:29  SCV x2  
  49  5:42  Marauder  
  51  5:50  Medivac x2  
  51  5:56  SCV x2  
  57  6:01  Refinery  
  57  6:04  Armory  
  57  6:14  SCV x2  
  57  6:17  Command Center  
  59  6:24  Marine x3  
  59  6:25  Marine  
  65  6:26  SCV x2, Marauder  
  67  6:38  SCV x2  
  69  6:50  SCV  
  69  6:51  Supply Depot x2  
  69  6:52  Supply Depot  
  70  6:58  Barracks  
  70  6:59  Barracks  
  70  7:12  Marine x4, SCV, Medivac x2  
  70  7:13  Marauder  
  76  7:46  Marine x2  
  76  7:47  Marine x2  
  76  7:48  Marauder  
  82  7:53  Orbital Command  
  82  7:55  SCV x2  
  84  8:02  Terran Infantry Armor Level 2, Terran Infantry Weapons Level 2  
  84  8:05  Terran Ship Weapons Level 1  
  83  8:07  SCV x2  
  85  8:24  Marine x4  
  85  8:25  Marauder  
  91  8:27  Viking x2  
  86  8:34  Barracks Tech Lab  
  86  8:35  Barracks Reactor  
  86  8:38  SCV x2  
  86  8:39  SCV  
  85  8:44  Supply Depot  
  85  8:45  Supply Depot  
  85  8:48  Refinery  
  85  8:50  SCV, Refinery  
  85  8:51  SCV x2  
  88  9:03  Marine x2, SCV x3  
  88  9:04  Marine x2  
  88  9:05  Marauder x2  
  99  9:12  Medivac x2  
  103  9:21  Marine x2  
  103  9:22  Marine x3  
  103  9:23  Marine  
  109  9:26  Marauder x2  
  109  9:28  Factory Tech Lab  
  108  9:44  Marine x5  
  108  9:45  Marine  
  108  9:48  Marauder x2  
  101  10:03  Terran Ship Weapons Level 2  
  101  10:14  Supply Depot x2  
  101  10:15  Supply Depot  
  101  10:23  SCV x3  
  101  10:26  Marine x5  
  101  10:27  Marine  
  101  10:28  Marauder x2  
  114  10:34  Terran Infantry Weapons Level 3  
  114  10:35  Barracks, SCV x3, Terran Infantry Armor Level 3  
  117  10:36  Barracks  
  117  10:46  Command Center  
  117  10:47  SCV x3  
  117  10:49  Marine, Marauder x2  
  124  10:50  Marine x4  
  124  10:52  Marine  
  130  11:00  Medivac x2  
  134  11:07  Starport  
  134  11:17  Marine x6  
  140  11:19  Marauder x2  
  144  11:46  Marine x5  
  119  11:47  Marine, Marauder  
  119  11:48  Marauder  
  124  11:55  Barracks Reactor x2  
  124  11:59  Orbital Command  
  124  12:03  Refinery  
  124  12:04  Starport Reactor, Refinery  
  124  12:07  Viking x2, Armory  
  128  12:09  Siege Tank  
  131  12:28  Marine x4  
  131  12:29  Marine x2  
  137  12:31  Marauder x2  
  137  12:37  Marine x4  
  145  12:50  Marine x4  
  145  12:51  Marine x2  
  151  12:53  Marauder x2  
  151  12:54  Marine x2  
  151  12:55  Marine x2  
  161  13:32  Starport  
  161  13:33  Starport  
Tags
 
Add a new tag
Caveats
  • Supply blocks, unpowered buildings, or Contaminate may cause inaccurate times.
  • Supply counts are checked every 10 seconds.